 Dungeon Crawl Stone Soup version 0.17-a0-435-gc4df345 (webtiles) character file.

1303 krae the Cleaver (level 8, -6/68 HPs)
             Began as a Deep Dwarf Berserker on Apr 4, 2015.
             Was a Believer of Trog.
             Mangled by an ogre
             ... wielding a +0 giant club
              (19 damage)
             ... on level 8 of the Dungeon.
             The game lasted 00:17:54 (3055 turns).

krae the Cleaver (Deep Dwarf Berserker)             Turns: 3055, Time: 00:17:54

Health: -6/68      AC:  6    Str: 22    XL:     8   Next: 31%
Magic:  8/8        EV: 11    Int:  7    God:    Trog [**....]
Gold:   205        SH:  0    Dex: 14    Spells: 0 memorised, 7 levels left

rFire  . . .     SeeInvis .     k - +0 war axe
rCold  . . .     Clarity  .     d - +0 ring mail
rNeg   . . .     SustAb   .     (no shield)
rPois  .         Gourm    .     (no helmet)
rElec  .         Spirit   .     v - +0 cloak
rCorr  .         Warding  .     (no gloves)
rMut   .         Stasis   .     (no boots)
MR     +....                    (no amulet)
Stlth  +.........               (no ring)
                                y - ring of flight

@: non-regenerating, somewhat resistant to hostile enchantments, very unstealthy
A: damage resistance, recharge devices, sense surroundings 1, slow healing 3
a: Device Recharging, Burn Spellbooks, Berserk, Trog's Hand, Renounce Religion,
Evoke Flight


You were on level 8 of the Dungeon.
You worshipped Trog.
Trog was pleased with you.
You were not hungry.

You visited 1 branch of the dungeon, and saw 8 of its levels.
You also visited: Ossuary.

You collected 205 gold pieces.


Innate Abilities, Weirdness & Mutations

You are resistant to damage.
You can recharge devices by infusing magical energy.
You passively map a small area around you.
You do not heal naturally.


   Skills:
 - Level 2.6 Fighting
 + Level 11.3 Axes
 - Level 2.1 Armour
 - Level 2.1 Dodging


You had 7 spell levels left.
You didn't know any spells.

Inventory:

Hand weapons
 k - a +0 war axe (weapon)
 u - a +0 blowgun
Missiles
 j - 33 poisoned needles
Armour
 a - a +0 shield
 d - a +0 ring mail (worn)
 v - a +0 cloak (worn)
Rods
 s - a +0 rod of destruction (9/9) {!a}
   (You found it on level 4 of the Dungeon)
Jewellery
 y - a ring of flight (left hand)
Magical devices
 c - a wand of heal wounds (2) {!d@v2}
 o - a wand of digging (14)
Scrolls
 e - 3 scrolls of recharging
 g - 2 scrolls of identify {@r1}
 m - 3 scrolls of remove curse
 n - 2 scrolls of immolation {!r}
 t - a scroll of teleportation {unknown}
Potions
 f - 2 potions of mutation {!q}
 h - a potion of agility {unknown}
 l - 3 potions of restore abilities
 p - 2 potions of curing {unknown}
 q - 3 potions of brilliance
 w - a potion of poison {unknown}
Comestibles
 b - 8 slices of pizza
 i - a beef jerky
 z - 3 bread rations

Dungeon Overview and Level Annotations

Branches:
Dungeon (8/15)
 Temple: D:4-7         Lair: D:8-11

Altars:
Elyvilon
Fedhas
Makhleb
Qazlal
Trog
Xom

Annotations:
D:7 Prince Ribbit

, ,, ##...# ≈ ,
...... , ####*
#....,* , , ,#..###
+...# ,, ,
,###..'##*#...#* , ,
#.##.#####...+ ,
#.#.....#+...# #+#
#.##.####.O..# , #.#
#.#.....#.g#.# , #.#
#.###)###..#.# *,
#.#####..........#.#
#..............###.#,
..############.....#
* ..# #####.#, * ..#
## ..# ###


You could see an ogre.


Message History

You slash the spriggan!
You kill the spriggan!
Trog accepts your kill.
No target in view!
There is an open door, spattered with blood here.
You see here a dagger.
You now have 205 gold pieces (gained 13).
You see here 8 slices of pizza.
b - 8 slices of pizza
z - 3 bread rations (gained 2)
There are no items here.
You open the door.
There is an open door, spattered with blood here.
You see here a dagger.
An ogre comes into view. It is wielding a giant club.
The ogre shouts!
You barely miss the ogre. The ogre hits you with a giant club!
* * * LOW HITPOINT WARNING * * *
You hit the ogre.
The ogre is lightly wounded.
You slash the ogre!
The ogre is heavily wounded.
The ogre barely misses you.
You hit the ogre.
The ogre is heavily wounded.
The ogre barely misses you.
You hit the ogre.
The ogre is severely wounded.
The ogre hits you with a giant club!!
You die...

Action                   |  1- 3 |  4- 6 |  7- 9 || total
-------------------------+-------+-------+-------++-------
Melee: Hand axe          |    57 |       |       ||    57
       War axe           |    13 |   185 |   146 ||   344
 Fire: Blowgun           |     4 |       |       ||     4
Invok: Berserk           |     4 |     9 |     3 ||    16
       Trog's Hand       |       |     5 |     3 ||     8
Evoke: Wand              |     1 |     6 |     1 ||     8
  Use: Scroll            |     2 |     8 |       ||    10
 Stab: Sleeping          |     1 |     1 |       ||     2
       Distracted        |     1 |       |       ||     1
  Eat: Chunk             |     2 |     5 |     5 ||    12
       Meat ration       |       |     1 |     1 ||     2
       Bread ration      |       |     1 |       ||     1

Vault maps used:
D:1:      elethiomel_arrival_maze, serial_park_tiny_1
D:2:      kennysheep_six_static_rooms, tso_altar
D:3:      xom_teletrap_fun, yredelemnul_altar_generic, serial_forest,
          infiniplex_forest_clump_curved, infiniplex_forest_corner_1,
          infiniplex_forest_lined_corner, infiniplex_forest_lined_3,
          infiniplex_forest_end_double, minmay_splitting_lines, st_stairs_5,
          minmay_shallow_snake_nest
D:4:      forest_paths, nicolae_qazlal_general_emergency, kennysheep_little_box,
          nicolae_ossuary_entry_plus, portal_sewer_entry_a
D:5:      lemuel_coloured_pillars_altar, gammafunk_temple_overflow_pools,
          first_bread
D:6:      basic_altar, uniq_blork_the_orc
D:7:      minmay_temple_entry_from_below_b, uniq_prince_ribbit1
D:8:      grunt_pizzeria, kennysheep_boxes
Ossuary:  ossuary_due_small_catacomb

Notes
Turn   | Place    | Note
--------------------------------------------------------------
     0 | D:1      | krae, the Deep Dwarf Berserker, began the quest for the Orb.
     0 | D:1      | Reached XP level 1. HP: 20/20 MP: 1/1
   166 | D:3      | Reached skill level 4 in Axes
   166 | D:3      | Reached XP level 2. HP: 17/27 MP: 2/2
   305 | D:3      | Reached XP level 3. HP: 18/33 MP: 3/3
   403 | D:3      | Acquired Trog's second power
   429 | D:3      | Reached skill level 5 in Axes
   490 | D:4      | HP: 2/33 [adder (2)]
   518 | D:4      | Reached XP level 4. HP: 23/40 MP: 4/4
   589 | D:5      | Entered Level 5 of the Dungeon
   628 | D:4      | HP: 1/40 [orc wizard/puff of flame (4)]
   638 | D:4      | Reached skill level 6 in Axes
   641 | D:4      | Reached XP level 5. HP: 20/46 MP: 5/5
   784 | D:4      | Found a white marble altar of Elyvilon.
   824 | D:4      | Found a sand-covered staircase.
   828 | Ossuary  | Entered an ossuary
   890 | Ossuary  | Reached skill level 7 in Axes
  1034 | Ossuary  | Reached XP level 6. HP: 33/55 MP: 6/6
  1457 | D:4      | Found a stormy altar of Qazlal.
  1514 | D:4      | Identified a +0 rod of destruction (9/9) {!a} (You found it on level 4 of the Dungeon)
  1523 | D:4      | Reached skill level 8 in Axes
  1526 | D:4      | Noticed a scorpion
  1533 | D:4      | Killed a scorpion
  1943 | D:6      | Found a shimmering altar of Xom.
  1943 | D:6      | Noticed Blork the orc
  1996 | D:6      | HP: 4/55 [shadow imp/nerve-wracking pain (11)]
  2002 | D:6      | Reached XP level 7. HP: 51/61 MP: 7/7
  2007 | D:6      | Killed Blork the orc
  2007 | D:6      | Reached skill level 9 in Axes
  2104 | D:5      | Found a bloodstained altar of Trog.
  2104 | D:5      | Found a burning altar of Makhleb.
  2405 | D:5      | Found a blossoming altar of Fedhas.
  2599 | D:6      | Reached skill level 10 in Axes
  2774 | D:7      | Noticed Prince Ribbit
  2780 | D:7      | Reached XP level 8. HP: 49/68 MP: 8/8
  2793 | D:7      | HP: 4/102 [Prince Ribbit (12)]
  2934 | D:7      | You fall through a shaft!
  2991 | D:8      | Reached skill level 11 in Axes
  3055 | D:8      | Mangled by an ogre

Vanquished Creatures
  A spriggan (D:8)
  An ogre (D:6)
  A necrophage (D:8)
  Blork the orc (D:6)
  A giant frog (D:6)
  A scorpion (D:4)
  A goliath beetle (D:6)
  A crimson imp (D:8)
  A centaur zombie (D:6)
  2 orc priests (D:4)
  3 orc wizards
  2 hounds
  2 iguanas (D:7)
  3 worker ants
  13 mummies (Ossuary)
  A hound skeleton (D:5)
  A river rat (D:4)
  8 adders
  4 shadow imps
  2 giant geckos
  11 orcs
  A ball python (D:3)
  4 bats
  2 bat skeletons
  A bat zombie (D:5)
  A giant cockroach (D:3)
  8 hobgoblins
  2 jackals (D:1)
  6 quokkas
  A giant gecko zombie (D:8)
  A giant newt (D:4)
  3 gnoll skeletons (Ossuary)
  4 goblins
  A goblin skeleton (Ossuary)
  6 kobolds
  A kobold skeleton (Ossuary)
  2 orc skeletons (Ossuary)
  10 rats
  11 rat skeletons (Ossuary)
126 creatures vanquished.

Vanquished Creatures (others)
  A kobold skeleton (Ossuary)
1 creature vanquished.

Grand Total: 127 creatures vanquished
